 Dungeon Crawl Stone Soup version 0.29.1-13-g9f3cf754e1 (webtiles) character file.

Game seed: 2203885398097389238

37295 Saba the Marksgargoyle (level 13, -1/91 HPs)
             Began as a Gargoyle Hunter on Feb 4, 2023.
             Was the Champion of Okawaru.
             Slain by a naga warrior
             ... wielding a +0 trident
              (21 damage)
             ... on level 1 of the Snake Pit.
             The game lasted 00:51:15 (19848 turns).

Saba the Marksgargoyle (Gargoyle Hunter)           Turns: 19848, Time: 00:51:16

Health: -1/91      AC: 26    Str: 15    XL:     13   Next: 95%
Magic:  0/13       EV: 12    Int: 13    God:    Okawaru [******]
Gold:   751        SH:  0    Dex: 17    Spells: 12/12 levels left

rFire   . . .      SeeInvis .   n - +0 arbalest
rCold   . . .      Faith    .   (shield currently unavailable)
rNeg    + . .      Spirit   +   G - +0 swamp dragon scales
rPois   ∞          Reflect  .   D - +1 helmet "Morin" {Int+2}
rElec   +          Harm     .   m - +2 cloak
rCorr   .          Rampage  .   C - +1 pair of gloves
Will    .....                   o - +2 pair of boots
Stlth   ++........              c - amulet of guardian spirit
HPRegen 0.25/turn               (no ring)
MPRegen 0.13/turn               (no ring)

@: no status effects
A: sickness immunity, AC +9, negative energy resistance 1, electricity
resistance, torment resistance 1, petrification resistance, fangs 1
a: Renounce Religion, Heroism, Finesse, Duel


You were on level 1 of the Snake Pit.
You worshipped Okawaru.
Okawaru was exalted by your worship.
You visited 4 branches of the dungeon, and saw 16 of its levels.

You collected 951 gold pieces.
You spent 200 gold pieces at shops.

Inventory:

Hand Weapons
 n - a +0 arbalest (weapon)
 p - a +5 long sword
 K - a +5 scimitar of freezing
 R - the +5 dagger of the Realm of Zot {freeze, *Corrode rC- Dex+9}
   (You took it off a wight on level 8 of the Dungeon)

   It freezes those it strikes, dealing additional cold damage.
   It can also slow down cold-blooded creatures.
   Dex:       It affects your dexterity (+9).
   rC:        It makes you vulnerable to cold.
   *Corrode:  It may corrode you when you take damage.
Missiles
 x - 4 throwing nets
Armour
 d - a +2 hat
 g - a scarf of shadows
 m - a +2 cloak (worn)
 o - a +2 pair of boots (worn)
 C - a +1 pair of gloves (worn)
 D - the +1 helmet "Morin" (worn) {Int+2}
   (Okawaru gifted it to you on level 5 of the Lair of Beasts)

   Int:       It affects your intelligence (+2).
 G - +0 swamp dragon scales (worn)
 H - a +2 robe of fire resistance
 Z - a +2 ring mail of cold resistance
Jewellery
 c - an amulet of guardian spirit (around neck)
 h - a ring of fire
 B - an amulet of magic regeneration
Wands
 y - a wand of iceblast (2)
 E - a wand of paralysis (17)
 L - a wand of flame (10)
 M - a wand of digging (10)
 S - a wand of acid (9)
Scrolls
 b - 5 scrolls of immolation
 e - a scroll of torment {unknown}
 f - 7 scrolls of noise
 i - 3 scrolls of vulnerability
 j - a scroll of butterflies {unknown}
 k - 3 scrolls of blinking
 l - 2 scrolls of poison
 q - a scroll of brand weapon {unknown}
 r - 2 scrolls of silence {unknown}
 s - 4 scrolls of amnesia
 t - 2 scrolls of magic mapping {unknown}
 u - 5 scrolls of teleportation
 w - a scroll of summoning {unknown}
 J - 3 scrolls of enchant armour {unknown}
 N - 4 scrolls of enchant weapon
 O - 2 scrolls of fear {unknown}
 W - a scroll of acquirement {unknown}
Potions
 v - a potion of magic
 z - 5 potions of heal wounds
 A - 4 potions of cancellation
 F - 2 potions of resistance
 I - a potion of berserk rage
 P - 2 potions of attraction
 Q - a potion of flight
 T - a potion of invisibility
 U - a potion of brilliance
 V - 10 potions of curing
 X - a potion of ambrosia
 Y - 2 potions of haste


   Skills:
 + Level 14.9 Fighting
 * Level 18.8 Ranged Weapons
 - Level 3.2 Dodging
 - Level 4.0 Stealth


You had 12 spell levels left.
You didn't know any spells.
Your spell library contained the following spells:

 Spells                   Type           Power      Damage    Failure   Level
 Foxfire                  Conj/Fire      0%         2x1d4     52%         1
 Shock                    Conj/Air       0%         1d3       52%         1
 Blink                    Tloc           0%         N/A       67%         2
 Wereblood                Tmut           0%         N/A       67%         2
 Conjure Flame            Conj/Fire      0%         6-21      88%         3
 Gell's Gravitas          Tloc           0%         N/A       88%         3
 Inner Flame              Hex/Fire       0%         N/A       88%         3
 Lesser Beckoning         Tloc           0%         N/A       88%         3
 Swiftness                Air            0%         N/A       88%         3
 Teleport Other           Tloc           0%         N/A       88%         3
 Airstrike                Air            0%         2d(0-16)  99%         4
 Flame Wave               Conj/Fire      0%         2d4       99%         4
 Fulminant Prism          Conj/Hex       0%         3d6       99%         4
 Iskenderun's Mystic Bla  Conj/Tloc      0%         2d3       99%         4
 Lee's Rapid Deconstruct  Erth           0%         3d5*      100%        5
 Manifold Assault         Tloc           0%         N/A       100%        5
 Storm Form               Tmut/Air       0%         N/A       100%        7
 Sublimation of Blood     Necr           Unusable   N/A       N/A         2
 Summon Hydra             Summ           Unusable   N/A       N/A         7

Dungeon Overview and Level Annotations

Branches:
Dungeon (9/15)             Temple (1/1) D:4            Lair (5/5) D:8
 Shoals (0/4) Lair:3        Snake (1/4) Lair:2        Slime (0/5) Lair:5
    Orc: D:9-12

Altars:
Ashenzari
Cheibriados
Dithmenos
Elyvilon
Fedhas
Gozag
Hepliaklqana
Kikubaaqudgha
Makhleb
Nemelex Xobeh
Okawaru
Qazlal
Ru
Sif Muna
Trog
Uskayaw
Vehumet
Wu Jian
Xom
Yredelemnul
Zin
The Shining One
Jiyva

Shops:
D:7 ?

Annotations:
Lair:2 1 transporter, nroviw's ghost, novice FeCj
Lair:4 1 runed translucent door, Wuocso Bagia's ghost, journeyman TeSu


Innate Abilities, Weirdness & Mutations

You are immune to sickness and miasma.
Your stone body is resilient. (AC +9)
You are immune to poison.
You resist negative energy. (rN+)
You are resistant to electric shocks. (rElec)
You are resistant to unholy torment.
You are immune to petrification.
You have very sharp teeth.


Message History

Aim: a naga warrior, wielding a +0 trident (severely wounded, strong, catching its breath, 71% to hit)
You shoot a bolt. The bolt hits the naga warrior!!
The naga warrior is almost dead.
The electric eel shoots out a bolt of lightning at you!
The bolt of electricity hits you. You resist. The bolt of electricity hits you.
You resist.
The naga mage hits you but does no damage.
The naga warrior closely misses you.
Unknown command.
Fire: n) +0 arbalest
Press: ? - help, Q - select action, (/) - cycle Shift-Dir - straight line, f/p - naga warrior
Aim: a naga warrior, wielding a +0 trident (almost dead, strong, catching its breath, 71% to hit)
You shoot a bolt.
The bolt barely misses the naga warrior.
The naga mage gestures at you while chanting.
The bolt of poison hits you but does no damage.
You resist.
The electric eel shoots out a bolt of lightning at you!
The bolt of electricity hits you. You resist.
The bolt of electricity misses you.
The naga warrior hits you from afar with a +0 trident!
The naga mage casts a spell at you.
The bolt of poison hits you but does no damage.
You resist.
Fire: n) +0 arbalest
Press: ? - help, Q - select action, (/) - cycle Shift-Dir - straight line, f/p - naga warrior
Aim: a naga warrior, wielding a +0 trident (almost dead, strong, catching its breath, 71% to hit)
You shoot a bolt.
The bolt hits the naga warrior but does no damage.
The naga warrior is almost dead.
The naga warrior no longer looks unusually strong.
The naga mage spits poison at you.
The splash of poison hits you but does no damage.
You resist.
The naga warrior hits you from afar with a +0 trident.
* * * LOW HITPOINT WARNING * * *
The naga mage hits you from afar with a +2 spear of venom.
* * * LOW HITPOINT WARNING * * *
The naga warrior hits you from afar with a +0 trident!!
You die...

## .♣ ≈ #.♣ P≈
..♣ P≈≈
##..♣~~~P
#....~~PP
#....~~P~ #@..#
#....†...~~~~
#..N..#N.~~~~
#.......#^.PP~~
#........ .....
.......). .....
...##...# ....
... ..... ....


You could see a naga warrior and a naga mage (fast, catching breath).

Vanquished Creatures
  5 hydras
  A merfolk avatar (Lair:5)
  A naga warrior (Snake:1)
  An anaconda (Snake:1)
  2 sea snakes (Lair:5)
  2 swamp dragons (Lair:5)
  Pikel (D:6)
  3 oklob plants
  2 harpies (Lair:5)
  A manticore (Lair:5)
  8 elephants (Lair:5)
  A molten gargoyle (Lair:3)
  4 black mambas
  2 torpor snails
  11 cane toads
  Maggie (D:8)
  6 rime drakes
  2 komodo dragons
  A meliai (Lair:2)
  2 polar bears (Lair:5)
  A hornet (Lair:5)
  Grinder (D:3)
  9 dream sheep
  7 blink frogs
  3 snapping turtles
  Sigmund (D:6)
  3 fire bats (Lair:3)
  8 wyverns
  A fire elemental (Lair:3)
  24 yaks
  2 basilisks (D:8)
  3 vampire mosquitoes
  Edmund (D:6)
  6 steam dragons
  A naga (Lair:2)
  2 acid dragons
  9 water moccasins
  An ice beast (D:6)
  2 orc warriors
  2 black bears
  A sky beast (D:7)
  3 wolves (Lair:2)
  3 ogres
  2 centaurs
  2 lemures (D:6)
  3 phantoms
  3 kobold brigands
  Blork the orc (D:6)
  11 bullfrogs
  3 necrophages (D:7)
  4 scorpions
  13 wights
  6 killer bees
  6 howler monkeys
  An electric eel (Lair:2)
  A lava snake (Lair:3)
  3 hounds
  2 gnoll boudas
  2 jellies
  6 orc priests
  4 iguanas
  7 orc wizards
  Robin (D:3)
  5 gnolls (D:4)
  6 adders
  4 shadow imps
  A white imp (D:8)
  An adder zombie (D:3)
  A worm (D:5)
  A dart slug (D:1)
  39 orcs
  6 endoplasms
  2 giant cockroaches
  12 goblins
  7 hobgoblins
  5 quokkas
  5 ball pythons
  2 ball python zombies (D:3)
  2 bats
  10 frilled lizards
  A jackal zombie (D:3)
  12 kobolds
  A kobold skeleton (D:8)
  2 kobold zombies (D:8)
  2 orc skeletons (D:8)
  An orc zombie (D:8)
  6 rats
  A bush (Lair:2)
367 creatures vanquished.

Vanquished Creatures (others)
  A jelly (D:4)
  19 fungi
  63 plants
83 creatures vanquished.

Grand Total: 450 creatures vanquished

Notes
Turn   | Place    | Note
-------+----------+-------------------------------------------
     0 | D:1      | Saba the Gargoyle Hunter began the quest for the Orb.
     0 | D:1      | Reached XP level 1. HP: 12/12 MP: 1/1
    81 | D:1      | Found a faded altar of an unknown god.
   157 | D:1      | Reached XP level 2. HP: 17/18 MP: 2/2
   972 | D:2      | Reached XP level 3. HP: 22/22 MP: 3/3
  1756 | D:3      | Found a basalt altar of Yredelemnul.
  1769 | D:3      | You fall into a shaft and drop 3 floors!
  1778 | D:5      | Entered Level 5 of the Dungeon
  1784 | D:5      | Noticed an orc warrior
  1958 | D:6      | Noticed a bullfrog
  2013 | D:5      | Reached XP level 4. HP: 20/28 MP: 2/4
  2156 | D:5      | Reached XP level 5. HP: 32/32 MP: 5/5
  2489 | D:5      | Reached XP level 6. HP: 30/38 MP: 6/6
  2559 | D:5      | Found a blossoming altar of Fedhas.
  2600 | D:5      | Reached skill level 5 in Ranged Weapons
  2923 | D:4      | Reached XP level 7. HP: 29/44 MP: 4/7
  2950 | D:4      | Reached skill level 6 in Ranged Weapons
  3460 | D:3      | Noticed Grinder
  3474 | D:3      | Paralysed by Grinder for 4 turns
  3484 | D:3      | Paralysed by Grinder for 4 turns
  3494 | D:3      | Killed Grinder
  3495 | D:3      | Reached skill level 5 in Fighting
  3854 | D:3      | Noticed Robin
  3893 | D:3      | Killed Robin
  4142 | D:4      | Found a staircase to the Ecumenical Temple.
  4150 | Temple   | Entered the Ecumenical Temple
  4251 | Temple   | Became a worshipper of Warmaster Okawaru
  4492 | D:4      | Reached XP level 8. HP: 48/50 MP: 6/8
  4502 | D:4      | Reached skill level 7 in Ranged Weapons
  5491 | D:5      | Reached * piety under Okawaru
  5817 | D:5      | Reached skill level 8 in Ranged Weapons
  6572 | D:6      | Noticed Edmund
  6576 | D:6      | Killed Edmund
  6620 | D:6      | Noticed Pikel
  6663 | D:6      | Paralysed by Pikel for 5 turns
  6670 | D:6      | Killed Pikel
  6670 | D:6      | Reached ** piety under Okawaru
  6671 | D:6      | Reached skill level 9 in Ranged Weapons
  6671 | D:6      | Reached XP level 9. HP: 27/57 MP: 7/9
  7303 | D:6      | Found the +6 shillelagh "Devastator" {shatter}
  7410 | D:6      | Reached skill level 10 in Ranged Weapons
  7555 | D:6      | Noticed Blork the orc
  7560 | D:6      | Killed Blork the orc
  7560 | D:6      | Reached *** piety under Okawaru
  7637 | D:6      | Noticed Sigmund
  7639 | D:6      | Killed Sigmund
  7886 | D:7      | Reached skill level 11 in Ranged Weapons
  7889 | D:7      | Reached XP level 10. HP: 50/65 MP: 7/10
  7912 | D:7      | Reached **** piety under Okawaru
  8250 | D:7      | Found Muutewuf's Magic Scroll Shoppe.
  8256 | D:7      | Bought a scroll of teleportation for 48 gold pieces
  8256 | D:7      | Bought a scroll of blinking for 120 gold pieces
  8256 | D:7      | Bought a scroll of identify for 32 gold pieces
  8398 | D:7      | Found a radiant altar of Vehumet.
  8791 | D:8      | Found a glowing golden altar of the Shining One.
  8858 | D:8      | Reached skill level 12 in Ranged Weapons
  8905 | D:8      | Found a staircase to the Lair.
  9308 | D:8      | Reached ***** piety under Okawaru
  9321 | D:8      | Reached skill level 10 in Fighting
  9322 | D:8      | Identified the +5 dagger of the Realm of Zot {freeze,
                  | *Corrode rC- Dex+9}
  9342 | D:8      | Reached skill level 13 in Ranged Weapons
  9490 | D:8      | Noticed Maggie
  9533 | D:8      | Killed Maggie
  9534 | D:8      | Reached XP level 11. HP: 47/73 MP: 7/11
 10588 | Lair:1   | Entered Level 1 of the Lair of Beasts
 10737 | Lair:1   | Identified the +1 chain mail "Ebymasusm" {Int+3} (Okawaru
                  | gifted it to you on level 1 of the Lair of Beasts)
 10737 | Lair:1   | Received a gift from Okawaru
 10979 | Lair:1   | Reached skill level 14 in Ranged Weapons
 11534 | Lair:1   | Noticed an oklob plant
 11541 | Lair:1   | Killed an oklob plant
 11947 | Lair:2   | Found a transporter.
 11950 | Lair:2   | Found a transporter.
 11951 | Lair:2   | Noticed nroviw's ghost (novice FeCj)
 12015 | Lair:2   | Noticed a four-headed hydra
 12023 | Lair:2   | Killed a four-headed hydra
 12179 | Lair:2   | Noticed an eight-headed hydra
 12184 | Lair:2   | Killed an eight-headed hydra
 12185 | Lair:2   | Reached skill level 15 in Ranged Weapons
 12333 | Lair:2   | Noticed a six-headed hydra
 12340 | Lair:2   | Killed a six-headed hydra
 12341 | Lair:2   | Reached XP level 12. HP: 73/81 MP: 10/12
 12389 | Lair:2   | Found a staircase to the Snake Pit.
 13482 | Lair:3   | Received a gift from Okawaru
 13833 | Lair:3   | Received a gift from Okawaru
 13936 | Lair:3   | Reached skill level 16 in Ranged Weapons
 14498 | Lair:3   | Found a staircase to the Shoals.
 14822 | Lair:4   | Found a runed translucent door.
 14869 | Lair:4   | Found a shimmering altar of Xom.
 14869 | Lair:4   | Noticed Wuocso Bagia's ghost (journeyman TeSu)
 15454 | Lair:4   | Reached skill level 17 in Ranged Weapons
 15967 | Lair:5   | Entered Level 5 of the Lair of Beasts
 15990 | Lair:5   | Reached XP level 13. HP: 88/88 MP: 13/13
 16136 | Lair:5   | Reached ****** piety under Okawaru
 17312 | Lair:5   | Identified the +1 helmet "Morin" {Int+2} (Okawaru gifted it
                  | to you on level 5 of the Lair of Beasts)
 17312 | Lair:5   | Received a gift from Okawaru
 17607 | Lair:5   | Gained mutation: You sometimes lose your temper in combat.
                  | [potion of mutation]
 17607 | Lair:5   | Gained mutation: You occasionally shout uncontrollably at
                  | your foes. [potion of mutation]
 17607 | Lair:5   | Gained mutation: You expend magic power (3 MP) to
                  | strengthen your wands. [potion of mutation]
 17607 | Lair:5   | Gained mutation: You are somewhat resistant to further
                  | mutation. [potion of mutation]
 17608 | Lair:5   | Lost mutation: You occasionally shout uncontrollably at
                  | your foes. [potion of mutation]
 17608 | Lair:5   | Lost mutation: You expend magic power (3 MP) to strengthen
                  | your wands. [potion of mutation]
 17608 | Lair:5   | Gained mutation: You are weak. (Str -2) [potion of
                  | mutation]
 17609 | Lair:5   | Lost mutation: You are weak. (Str -2) [potion of mutation]
 17609 | Lair:5   | Lost mutation: You sometimes lose your temper in combat.
                  | [potion of mutation]
 17609 | Lair:5   | Gained mutation: Your body sometimes deteriorates upon
                  | taking damage. [potion of mutation]
 17655 | Lair:5   | Reached skill level 18 in Ranged Weapons
 18048 | Lair:5   | Lost mutation: Your body sometimes deteriorates upon taking
                  | damage. [potion of mutation]
 18048 | Lair:5   | Lost mutation: You are somewhat resistant to further
                  | mutation. [potion of mutation]
 18048 | Lair:5   | Gained mutation: You have very sharp teeth. [potion of
                  | mutation]
 18521 | Lair:5   | Found a viscous altar of Jiyva.
 18521 | Lair:5   | Found a staircase to the Slime Pits.
 19591 | Snake:1  | Entered Level 1 of the Snake Pit
 19848 | Snake:1  | Slain by a naga warrior

Illustrated notes

Levels and vault maps discovered:
D:1:      saegor_arrival_simple_a, layout_rooms, basic_ecumenical_altar
D:2:      minmay_alternating_diamond, layout_loops_ring
D:3:      layout_basic, nicolae_yredelemnul_corpse_copse,
          kennysheep_generic_room_4, uniq_robin, uniq_grinder
D:4:      layout_basic, minmay_temple_entry_glassed_door, serial_park_tiny_1,
          chequers_decorated_corner, abandoned_shop, lexackson_kobold_supper
D:5:      layout_gridville, lemuel_doored_altar, serial_park_tiny_2
D:6:      layout_gridville, sigmund_edmund_badplayer, uniq_pikel,
          uniq_blork_the_orc
D:7:      layout_rooms, amcnicky_altar_gilded, serial_shops,
          kennysheep_little_box, dreamdust_gnoll_shepherd
D:8:      layout_rooms, nicolae_tso_besieged_by_evil, david_lair_generic,
          minmay_fractal_squares_diagonal_5, uniq_maggie
D:9:      layout_basic
Temple:   compressed_dpeg_circular_temple
Lair:1:   layout_long_grid
Lair:2:   layout_layer_cave, dummy_snake_entry, gammafunk_ghost_hive,
          chequers_serial_rivers_small_b, serial_bayou_ford_a,
          minmay_lair_oklob_items, grunt_megastairs_3
Lair:3:   layout_chaotic_city, minmay_shoals_entry_hut
Lair:4:   layout_long_grid, ebering_ghost_xom
Lair:5:   gammafunk_lair_ancient_temple, layout_gridlike,
          minmay_slime_entry_oklob_enclosed, pond
Snake:1:  layout_cave_shapes, serial_shops, shop, minmay_shop_grove,
          serial_bayou_shore_a

Skill      XL: |  1  2  3  4  5  6  7  8  9 10 11 12 13 |
---------------+----------------------------------------+-----
Stealth        | 2 3 4 |  4.0
Dodging        | 2 3 |  3.2
Fighting       | 3 4 5 7 8 10 12 13 14 | 14.9
Ranged Weapons | 5 6 9 11 13 15 17 18 | 18.8

Action                   |  1- 3 |  4- 6 |  7- 9 | 10-12 | 13-15 || total
-------------------------+-------+-------+-------+-------+-------++-------
Melee: Scimitar          |       |       |       |    38 |       ||    38
       Arbalest          |       |       |       |     1 |       ||     1
 Fire: Shortbow          |   116 |   122 |   232 |       |       ||   470
       Arbalest          |       |       |   108 |   596 |   353 ||  1057
Evoke: Wand              |       |       |     8 |     5 |       ||    13
  Use: Potion            |       |     3 |       |     3 |     4 ||    10
       Scroll            |       |       |       |    11 |     4 ||    15
Armor: Leather armour    |     2 |       |       |       |       ||     2
       Scale mail        |    35 |    58 |   109 |       |       ||   202
       Robe              |       |       |     5 |   137 |   108 ||   250
       Swamp dragon scal |       |       |       |       |    62 ||    62
Dodge: Dodged            |    33 |    35 |   117 |   204 |   179 ||   568
